 Dungeon Crawl Stone Soup version 0.22-a0-565-gfc6459a (webtiles) character file.

74 Hebeh the Covered (level 4, -5/40 HPs)
             Began as a Minotaur Fighter on June 28, 2018.
             Slain by a wight
             ... wielding a cursed +5 spear
              (7 damage)
             ... on level 3 of the Dungeon.
             The game lasted 00:03:41 (2297 turns).

Hebeh the Covered (Minotaur Fighter)                Turns: 2297, Time: 00:03:42

Health: -5/40      AC:  8    Str: 22    XL:     4   Next: 9%
Magic:  3/3        EV:  7    Int:  5    God:
Gold:   102        SH:  9    Dex:  9    Spells: 3/3 levels left

rFire    . . .     SeeInvis .   a - +0 war axe
rCold    . . .     Gourm    .   c - +0 shield
rNeg     . . .     Faith    .   b - +0 scale mail
rPois    .         Spirit   .   (helmet restricted)
rElec    .         Reflect  .   (no cloak)
rCorr    .         Harm     .   l - +0 pair of gloves
MR       .....                  (no boots)
Stlth    ..........             (no amulet)
HPRegen  0.13/turn              (no ring)
MPRegen  0.08/turn              (no ring)

@: very slightly contaminated, drained, invisible
A: retaliatory headbutt, horns 2
a: no special abilities


You were on level 3 of the Dungeon.
You were not hungry.

You visited 1 branch of the dungeon, and saw 3 of its levels.

You collected 102 gold pieces.

Inventory:

Hand Weapons
 a - a +0 war axe (weapon)
Armour
 b - a +0 scale mail (worn)
 c - a +0 shield (worn)
 l - a +0 pair of gloves (worn)
Scrolls
 e - 3 scrolls of immolation {unknown}
 g - a scroll of blinking {unknown}
 h - a scroll of remove curse {unknown}
 j - 4 scrolls of identify {unknown}
 k - 4 scrolls of teleportation {unknown}
 m - a scroll of magic mapping {unknown}
 q - a scroll of fog {unknown}
 s - a scroll of enchant armour {unknown}
 t - a scroll of amnesia {unknown}
Potions
 d - a potion of might
 i - a potion of ambrosia {unknown}
 n - a potion of degeneration {unknown}
 r - a potion of curing {unknown}
Comestibles
 f - 4 rations


   Skills:
 + Level 4.1(3.3) Fighting
 * Level 3.9(3.0) Axes
 + Level 4.2(3.3) Armour
 + Level 4.2(3.3) Shields


You had 3 spell levels left.
You didn't know any spells.
Your spell library was empty.

Dungeon Overview and Level Annotations

Branches:
Dungeon (3/15)

Altars:
Ru
Vehumet


Innate Abilities, Weirdness & Mutations

You reflexively headbutt those who attack you in melee.
You have a pair of horns on your head.


Message History

You hit the wight but do no damage.
The wight is moderately damaged.
The wight hits you but does no damage.
The wight hits you from afar with an enchanted spear.
You feel drained. The wight barely misses you.
You slash the wight! Your headbutt misses the wight.
The wight is almost destroyed.
You closely miss the wight. You block the wight's attack.
The wight hits you with a hand axe of freezing!
You feel drained. The wight freezes you. You block the wight's attack.
The wight hits you from afar with a spear of freezing!
* * * LOW HITPOINT WARNING * * *
The wight freezes you.
* * * LOW HITPOINT WARNING * * *
It was a potion of invisibility.
You fade into invisibility!
You block the wight's attack.
You are very lightly contaminated with residual magic.
The wight hits you from afar with an enchanted spear!
You die...

#........##########..# #.
#..........# ##.###.
######.....####### #..##. #..
#.....##....# ##.##. #..
#.....##....####.### #.[
#.....##....#....... #####..
#...........#....... ...$...
#.......... #.......
.......###..@.....# #.......
........zzz.z.....# #####...
#####........##...#########..
#........##..............
#.........+..............
#.......###.............#
#.......# #.............#
#.......# #.............#
#.......# #######.#......


You could see 4 wights.

Vanquished Creatures
  3 adders
  An ooze (D:1)
  A worm (D:3)
  2 dart slugs
  A leopard gecko (D:3)
  3 giant cockroaches (D:1)
  4 goblins
  5 hobgoblins
  4 kobolds
  A quokka (D:2)
  4 bats
  2 frilled lizards
  6 rats
37 creatures vanquished.

Notes
Turn   | Place    | Note
-------+----------+-------------------------------------------
     0 | D:1      | Hebeh the Minotaur Fighter began the quest for the Orb.
     0 | D:1      | Reached XP level 1. HP: 19/19 MP: 0/0
   134 | D:1      | Reached XP level 2. HP: 22/27 MP: 1/1
   973 | D:2      | Reached XP level 3. HP: 20/33 MP: 2/2
  1583 | D:2      | Found a radiant altar of Vehumet.
  1963 | D:3      | Found a sacrificial altar of Ru.
  2045 | D:3      | Reached XP level 4. HP: 40/40 MP: 3/3
  2290 | D:3      | HP: 1/40 [wight/spear of freezing (4)]
  2297 | D:3      | Slain by a wight

Vault maps used:
D:1:      roderic_crossed_star
D:2:      nicolae_overflow_crystal_walls, serial_glass, glass_columns_c,
          glass_columns_a, glass_columns_b, glass_columns_c, glass_columns_b,
          glass_columns_b, glass_columns_a, glass_columns_c,
          minmay_misc_feat_columns
D:3:      nicolae_ru_awakened_eye

Skill      XL: |  1  2 |
---------------+-------+-----
Axes           | 3 |  3.9
Fighting       | 4 |  4.1
Armour         | 4 |  4.2
Shields        | 4 |  4.2

Action                   |  1- 3 |  4- 6 || total
-------------------------+-------+-------++-------
Melee: War axe           |    89 |    12 ||   101
       Headbutt          |     7 |     3 ||    10
  Use: Potion            |       |     1 ||     1
  Eat: Chunk             |     4 |       ||     4
Armor: Scale mail        |    33 |     3 ||    36
Dodge: Dodged            |    21 |     2 ||    23
Block: Shield            |    45 |     9 ||    54

Table legend:
 A = Spawn XP
 B = Non-spawn XP
 C = Spawn XP percentage of total XP
 D = Spawn monster count
 E = Non-spawn monster count
 F = Spawn count percentage of total count
 G = Total turns spent on level
                    A         B        C        D         E        F      G
               +---------+---------+-------+---------+---------+-------+---------
         Total |       0 |     106 |   0.0 |       0 |      37 |   0.0 |  2297
               +---------+---------+-------+---------+---------+-------+---------
           D:1 |       0 |      33 |   0.0 |       0 |      17 |   0.0 |   905
           D:2 |       0 |      33 |   0.0 |       0 |      12 |   0.0 |   916
           D:3 |       0 |      40 |   0.0 |       0 |       8 |   0.0 |   476
               +---------+---------+-------+---------+---------+-------+---------
